 Dungeon Crawl Stone Soup version 0.31-a0-217-g58bb5d79cf (webtiles) character file.

Game seed: 16188725531339439043

548 jt the Sneak (level 7, 0/38 HPs)
             Began as a Vine Stalker Delver on July 2, 2023.
             Was a Believer of Sif Muna.
             Slain by a gnoll sergeant
             ... wielding a +2 vampiric trident
              (3 damage)
             ... on level 6 of the Dungeon.
             The game lasted 00:12:20 (4440 turns).

jt the Sneak (Vine Stalker Delver)                  Turns: 4440, Time: 00:12:21

Health: 0/38       AC:  7    Str: 14    XL:     7   Next: 28%
Magic:  0/11       EV: 13    Int: 12    God:    Sif Muna [**....]
Gold:   215        SH:  0    Dex: 19    Spells: 10/10 levels left

rFire   + . .        a - +1 quick blade of Sunlight {vamp, Dex+6 Stlth-}
rCold   + . .        (no shield)
rNeg    . . .        x - +1 robe {rC+}
rPois   +            G - +0 helmet
rElec   .            j - +0 cloak
rCorr   +            m - +1 pair of gloves of Vimoer Onoug {+Blink rPois rCorr Dex-3}
SInv    +            (no boots)
Will    .....        o - amulet of magic regeneration
Stlth   ++           f - ring of see invisible
HPRegen 1.06/turn    b - ring of protection from fire
MPRegen 0.52/turn

%: guardian spirit
@: no status effects
A: fangs 2, regeneration 1, magic shield, antimagic bite, no potion heal 2
a: Renounce Religion, Evoke Blink, Channel Magic


You were on level 6 of the Dungeon.
You worshipped Sif Muna.
Sif Muna was pleased with you.
You visited 1 branch of the dungeon, and saw 6 of its levels.

You collected 215 gold pieces.

Inventory:

Hand Weapons
 a - the +1 quick blade of Sunlight (weapon) {vamp, Dex+6 Stlth-}
   (You acquired it on level 3 of the Dungeon)

   Dex:       It affects your dexterity (+6).
   Stlth:     It makes you less stealthy.
 i - a +1 spear of freezing
 s - a +0 longbow
 z - a +0 sling
 J - a +0 trident
 N - a +2 flail of venom
Missiles
 e - 57 stones
 r - 18 poisoned darts
Armour
 j - a +0 cloak (worn)
 m - the +1 pair of gloves of Vimoer Onoug (worn) {+Blink rPois rCorr Dex-3}
   (You found it on level 3 of the Dungeon)

   Dex:       It affects your dexterity (-3).
   rPois:     It protects you from poison.
   +Blink:    It lets you blink.
   rCorr:     It protects you from acid and corrosion.
 x - a +1 robe of cold resistance (worn)
 G - a +0 helmet (worn)
 M - a +1 ring mail of poison resistance
Jewellery
 b - a ring of protection from fire (right hand)
 f - a ring of see invisible (left hand)
 o - an amulet of magic regeneration (around neck)
Wands
 g - a wand of digging (8)
Scrolls
 c - 5 scrolls of fog
 d - a scroll of revelation
 l - 2 scrolls of vulnerability
 p - a scroll of teleportation
 A - a scroll of amnesia {unknown}
 B - a scroll of poison {unknown}
 F - a scroll of silence {unknown}
 H - a scroll of enchant weapon {unknown}
 L - 2 scrolls of summoning {unknown}
Potions
 h - 3 potions of heal wounds
 n - a potion of curing {unknown}
 q - 2 potions of haste
 t - 2 potions of resistance {unknown}
 w - 2 potions of ambrosia {unknown}
 C - 2 potions of degeneration {unknown}
 D - 2 potions of lignification {unknown}
 E - a potion of enlightenment {unknown}
 I - a potion of might {unknown}


   Skills:
 + Level 4.4 Fighting
 + Level 3.0 Short Blades
 - Level 1.0 Polearms
 - Level 1.0 Armour
 + Level 3.4 Dodging
 - Level 6.0 Stealth
 + Level 2.3 Spellcasting
 + Level 2.2 Evocations


You had 10 spell levels left.
You didn't know any spells.
Your spell library contained the following spells:

 Spells                   Type           Power      Damage    Failure   Level
 Sandblast                Erth           2%         2d4       26%         1
 Summon Small Mammal      Summ           4%         N/A       26%         1
 Passwall                 Tmut/Erth      0%         N/A       38%         2
 Call Canine Familiar     Summ           1%         N/A       63%         3
 Stone Arrow              Conj/Erth      2%         3d7       63%         3
 Summon Guardian Golem    Hex/Summ       1%         N/A       63%         3
 Summon Forest            Summ/Tloc      0%         N/A       100%        5
 Eringya's Noxious Bog    Tmut/Pois      0%         N/A       100%        6
 Summon Hydra             Summ           0%         N/A       100%        7


Dungeon Overview and Level Annotations

Branches:
Dungeon (6/15)
 Temple: D:4-7

Altars:
Gozag
Sif Muna

Annotations:
D:2 1 runed translucent door, Crazy Yiuf
D:3 Grinder


Innate Abilities, Weirdness & Mutations

You have extremely sharp teeth.
Your natural rate of healing is unusually fast.
When hurt, damage is shared between your health and your magic reserves.
Your bite disrupts and absorbs the magic of your enemies.
Potions cannot restore your health.


Message History

HP restored.
There is a stone staircase leading down here.
You start waiting.
Done waiting.
You climb downwards.
There is a stone staircase leading up here.
There are monsters nearby!
Throw: 20 darts (poison)
Press: ? - help, Shift-Dir - straight line, f - gnoll sergeant
Aim: a gnoll sergeant, wielding a +2 vampiric trident, wearing a +0 scale mail and wearing a +0 buckler (70% to hit)
You throw a poisoned dart.
The poisoned dart hits the gnoll sergeant.
Throw: 19 darts (poison)
Press: ? - help, Shift-Dir - straight line, f/p - gnoll sergeant
Aim: a gnoll sergeant, wielding a +2 vampiric trident, wearing a +0 scale mail and wearing a +0 buckler (70% to hit)
You throw a poisoned dart.
The poisoned dart hits the gnoll sergeant.
The gnoll sergeant is poisoned.
The gnoll sergeant hits you from afar with a +2 vampiric trident!
Press: ? - help, v - describe, . - travel
Here: a gnoll, wielding a +0 spear of freezing The floor.
Okay, then.
The gnoll hits you with a +0 spear of freezing.
The gnoll sergeant hits you with a +2 vampiric trident.
The gnoll sergeant blocks your attack.
You hit the gnoll sergeant.
You bite the gnoll sergeant, but do no damage.
The gnoll sergeant is lightly wounded.
The gnoll hits you but does no damage. The gnoll sergeant misses you.
The gnoll hits you with a +0 spear of freezing.
The gnoll freezes you.
The gnoll sergeant hits you with a +2 vampiric trident!
The gnoll sergeant draws strength from your wounds!
The gnoll attacks as you move away! The gnoll misses you.
The gnoll sergeant attacks as you move away!
The gnoll sergeant hits you with a +2 vampiric trident!
* * * LOW HITPOINT WARNING * * *
The gnoll barely misses you.
The gnoll sergeant hits you from afar with a +2 vampiric trident.
You die...

#.........####
.........#.............
.........#.........)...
.........#.............
.........+.....<.......
......##..)...)......
......(.........##..
#.###..g...######..#..
#....@.g...# ##.....
######..##.#####.#.###
#..##..#.#..###.#
#..###..##.......
...###g##......).
#.###.##.....#..#
#.##.#.g....###..
#.#.##gg..### ...
..##....## ....


You could see a gnoll sergeant (poisoned) and a gnoll.

Vanquished Creatures
  An ice beast (D:5)
  3 scorpions
  A hound (D:5)
  2 orc priests (D:5)
  Robin (D:3)
  7 gnolls
  2 adders
  2 worms
  2 dart slugs
  6 orcs
  4 endoplasms
  3 giant cockroaches
  14 goblins
  10 hobgoblins
  4 quokkas
  5 ball pythons
  5 bats (D:1)
  3 frilled lizards
  4 kobolds
  7 rats
86 creatures vanquished.

Notes
Turn   | Place    | Note
-------+----------+-------------------------------------------
     0 | D:5      | jt the Vine Stalker Delver began the quest for the Orb.
     0 | D:5      | Reached XP level 1. HP: 11/11 MP: 2/2
    86 | D:5      | Noticed an ice beast
   122 | D:5      | Noticed a hound
   204 | D:5      | Found a shimmering blue altar of Sif Muna.
   210 | D:5      | Became a worshipper of Sif Muna the Loreminder
   356 | D:4      | Reached XP level 2. HP: 3/16 MP: 1/3
   916 | D:1      | Reached XP level 3. HP: 19/20 MP: 4/4
  1438 | D:2      | Reached * piety under Sif Muna
  1443 | D:2      | Reached skill level 1 in Spellcasting
  1628 | D:2      | Found a faded altar of an unknown god.
  1701 | D:2      | Gained mutation: Your natural rate of healing is unusually
                  | fast. [Vine Stalker growth]
  1701 | D:2      | Reached XP level 4. HP: 13/24 MP: 6/6
  2009 | D:2      | Found a runed translucent door.
  2010 | D:2      | Noticed Crazy Yiuf
  2048 | D:3      | Identified a scroll of acquirement
  2050 | D:3      | Acquired the +1 quick blade of Sunlight {vamp, Dex+6
                  | Stlth-}
  2121 | D:3      | Reached skill level 1 in Armour
  2134 | D:3      | Reached skill level 1 in Polearms
  2139 | D:3      | Identified the +1 pair of gloves of Vimoer Onoug {+Blink
                  | rPois rCorr Dex-3}
  2265 | D:3      | Noticed Robin
  2282 | D:3      | Killed Robin
  2282 | D:3      | Reached ** piety under Sif Muna
  2283 | D:3      | Reached XP level 5. HP: 26/29 MP: 7/7
  2361 | D:3      | Noticed Grinder
  2467 | D:4      | Reached skill level 1 in Evocations
  3315 | D:4      | Reached XP level 6. HP: 33/33 MP: 8/8
  3759 | D:5      | Found an opulent altar of Gozag.
  3843 | D:5      | Killed an ice beast
  3844 | D:5      | Reached XP level 7. HP: 32/38 MP: 9/11
  4440 | D:6      | Slain by a gnoll sergeant

Illustrated notes

Levels and vault maps discovered:
D:1:      wheals_arrival_shading, layout_loops_ring, minmay_misc_feat_tower
D:2:      layout_basic, shapermc_ecumenical_altar_mp_vishouse,
          minmay_fractal_squares_gapless_5, uniq_crazy_yiuf_cottage
D:3:      layout_rooms, uniq_robin, uniq_grinder
D:4:      layout_layer_cave
D:5:      layout_basic, led_sif_pool, grunt_gozag_breadcrumbs
D:6:      hellmonk_ruined_rings, layout_basic

Skill      XL: |  1  2  3  4  5  6 |
---------------+-------------------+-----
Fighting       | 3 4 |  4.4
Dodging        | 2 3 |  3.4
Spellcasting   | 1 2 |  2.3
Armour         | 1 |  1.0
Polearms       | 1 |  1.0
Short Blades   | 2 3 |  3.0
Evocations     | 1 2 |  2.2
Stealth        | |  6.0

Action                     |  1- 3 |  4- 6 |  7- 9 || total
---------------------------+-------+-------+-------++-------
  Melee: Short sword       |   106 |       |       ||   106
         Bite              |    18 |    87 |     7 ||   112
         Punch             |     3 |     3 |       ||     6
         Spear             |    15 |    13 |       ||    28
         Quick blade       |       |   225 |    31 ||   256
  Throw: Dart              |       |       |     2 ||     2
Ability: Evoke Blink       |       |     1 |       ||     1
    Use: Scroll            |     2 |     5 |     1 ||     8
         Potion            |     1 |       |       ||     1
   Stab: Sleeping          |    10 |     7 |       ||    17
         Distracted        |       |     1 |       ||     1
 Armour: Leather armour    |     9 |       |       ||     9
         Ring mail         |    19 |       |       ||    19
         Robe              |       |    41 |     6 ||    47
  Dodge: Dodged            |    63 |    87 |    19 ||   169

Table legend: (Time is in decaauts)
 A = Elapsed time spent in this place.
 B = Non-inter-level travel time spent in this place.
 C = Inter-level travel time spent in this place.
 D = Time resting spent in this place.
 E = Time spent auto-exploring this place.
 F = Levels seen in this place.
 G = Mean time per level.
                   A        B        C        D        E       F      G
               +--------+--------+--------+--------+--------+-----+--------+
         Total |   4427 |   4292 |    135 |    259 |   2554 |   6 |  737.8 |
       Dungeon |   4427 |   4292 |    135 |    259 |   2554 |   6 |  737.8 |
               +--------+--------+--------+--------+--------+-----+--------+

Top non-repeatable levels by time:
     D:4: 1300 daAuts
     D:5: 1122 daAuts
     D:1: 840 daAuts
     D:2: 721 daAuts
     D:3: 347 daAuts
     D:6: 95 daAuts
